Map: Romanticide LE

Players

PiLiPiLi

  • Race: Protoss Protoss
  • League: Grandmaster

PattyMac - Winner!

  • Race: Protoss Protoss
  • League: Grandmaster

Event: DreamHack SC2 Masters 2021 Summer

VOD

Have the link to the VOD?

Description

Time

  • Played on: May 26, 2021, 3:40 p.m.
  • Length: 7:13

All games in this series

Show
View Real Time Build Order
Export as new Build Order

PiLiPiLi Protoss 

Build Orders:  

Get SALT Encoding   

  12  0:00  Probe  
  13  0:12  Probe  
  14  0:17  Pylon  
  14  0:24  Probe (Chrono Boost)  
  15  0:36  Gateway  
  15  0:37  Probe (Chrono Boost)  
  16  0:44  Probe (Chrono Boost)  
  16  0:46  Assimilator  
  17  0:51  Probe  
  17  0:56  Assimilator  
  18  1:03  Probe (Chrono Boost)  
  19  1:08  Gateway  
  19  1:15  Probe (Chrono Boost)  
  20  1:21  Probe (Chrono Boost)  
  20  1:25  Cybernetics Core  
  21  1:29  Probe  
  22  1:37  Pylon  
  22  1:41  Probe  
  23  1:55  Probe  
  24  2:01  Stalker x2  
  24  2:03  Warp Gate (Chrono Boost)  
  29  2:16  Pylon  
  29  2:22  Probe  
  29  2:32  Stalker  
  29  2:34  Stalker  
  33  2:38  Stargate  
  33  2:45  Probe  
  34  3:02  Probe  
  35  3:14  Nexus  
  35  3:15  Void Ray (Chrono Boost)  
  35  3:32  Shield Battery  
  35  3:33  Shield Battery  
  33  3:37  Pylon  
  33  3:38  Pylon  
  33  3:47  Stalker  
  35  3:48  Stalker  
  36  4:00  Pylon  
  36  4:04  Pylon  
  36  4:12  Pylon  
  36  4:25  Void Ray (Chrono Boost)  
  40  4:36  Gateway  
  40  4:39  Gateway, Pylon  
  40  4:46  Adept  
  40  4:50  Adept  
  44  5:00  Void Ray  
  48  5:08  Adept  
  50  5:14  Adept  
  52  5:23  Pylon  
  52  5:42  Oracle (Chrono Boost)  
  51  5:44  Probe  
  54  5:56  Nexus  
  54  6:02  Pylon  
  54  6:16  Probe  
  55  6:20  Robotics Facility  
  55  6:28  Probe  
  56  6:38  Sentry  
  55  6:40  Probe  
  55  6:42  Oracle (Chrono Boost)  
  55  6:46  Shield Battery  
  59  6:52  Probe  
  59  6:53  Stalker  
  58  6:55  Stalker  
Show
View Real Time Build Order
Export as new Build Order

PattyMac Protoss - Winner!

Build Orders:  

Get SALT Encoding   

  12  0:00  Probe  
  13  0:12  Probe  
  14  0:17  Pylon  
  14  0:24  Probe (Chrono Boost)  
  16  0:37  Probe (Chrono Boost), Gateway  
  16  0:42  Probe (Chrono Boost)  
  16  0:45  Assimilator  
  17  0:52  Probe (Chrono Boost)  
  17  0:54  Assimilator  
  18  1:04  Probe (Chrono Boost)  
  19  1:07  Gateway  
  19  1:13  Probe (Chrono Boost)  
  19  1:18  Probe  
  21  1:25  Cybernetics Core  
  21  1:31  Probe  
  22  1:35  Pylon  
  22  1:43  Probe  
  23  2:02  Robotics Facility  
  23  2:03  Stalker  
  23  2:07  Stalker  
  27  2:12  Warp Gate  
  27  2:17  Pylon  
  27  2:33  Stalker  
  29  2:37  Stalker  
  31  2:48  Immortal (Chrono Boost)  
  34  2:56  Probe  
  35  3:03  Gateway  
  35  3:09  Pylon  
  35  3:23  Warp Prism (Chrono Boost)  
  37  3:54  Observer  
  38  4:09  Stalker x3  
  40  4:17  Twilight Council  
  40  4:32  Stalker x3  
  46  4:48  Blink (Chrono Boost)  
  46  5:03  Nexus  
  46  5:14  Pylon  
  46  5:33  Stalker  
  48  5:35  Stalker  
  48  5:38  Shield Battery  
  50  5:43  Sentry  
  50  5:47  Gateway  
  52  5:50  Probe  
  53  6:02  Stalker  
  55  6:12  Pylon  
  55  6:15  Probe x2 (Chrono Boost)  
  57  6:20  Stalker  
  59  6:27  Probe x2 (Chrono Boost)  
  61  6:35  Probe x2 (Chrono Boost)  
  62  6:44  Robotics Facility  
  56  6:56  Stalker  
  56  6:57  Stalker x2  
Tags
 
Add a new tag
Caveats
  • Supply blocks, unpowered buildings, or Contaminate may cause inaccurate times.
  • Supply counts are checked every 10 seconds.